 Dungeon Crawl Stone Soup version 0.23-a0-391-g8c51ad5 (webtiles) character file.

109 Gildeon the Ruffian (level 4, -1/45 HPs)
             Began as a Troll Monk on Oct 30, 2018.
             Slain by a gnoll
             ... wielding a +0 spear
              (9 damage)
             ... on level 2 of the Dungeon.
             The game lasted 00:02:53 (1301 turns).

Gildeon the Ruffian (Troll Monk)                    Turns: 1301, Time: 00:02:54

Health: -1/45      AC:  5    Str: 19    XL:     4   Next: 60%
Magic:  3/3        EV: 11    Int:  7    God:
Gold:   46         SH:  0    Dex: 12    Spells: 3/3 levels left

rFire    . . .     SeeInvis .     - Unarmed
rCold    . . .     Gourm    +   (no shield)
rNeg     . . .     Faith    .   a - +0 robe
rPois    .         Spirit   .   (helmet restricted)
rElec    .         Reflect  .   (no cloak)
rCorr    .         Harm     .   (gloves unavailable)
MR       .....                  (boots unavailable)
Stlth    ++........             (no amulet)
HPRegen  0.55/turn              h - ring of flight
MPRegen  0.08/turn              (no ring)

@: no status effects
A: large, unfitting armour, claws 3, fast metabolism 3, gourmand, regeneration
1, shaggy fur 1, tough skin 2
a: Evoke Flight


You were on level 2 of the Dungeon.
You were completely stuffed.

You visited 1 branch of the dungeon, and saw 2 of its levels.

You collected 46 gold pieces.

Inventory:

Hand Weapons
 j - a +0 flail
Armour
 a - a +0 robe (worn)
Jewellery
 h - a ring of flight (left claw)
Scrolls
 d - a scroll of amnesia {unknown}
Potions
 f - a potion of heal wounds {unknown}
Comestibles
 b - 2 rations
 c - 2 chunks of flesh


   Skills:
 + Level 3.0 Fighting
 + Level 1.5 Armour
 + Level 3.0 Dodging
 - Level 1.0 Stealth
 + Level 3.7 Unarmed Combat


You had 3 spell levels left.
You didn't know any spells.
Your spell library was empty.

Dungeon Overview and Level Annotations

Branches:
Dungeon (2/15)

Altars:


Innate Abilities, Weirdness & Mutations

You are too large for most types of armour.
You have claws for hands.
Your metabolism is lightning-fast.
You like to eat raw meat.
Your natural rate of healing is unusually fast.
You are covered in fur. (AC +1)
You have very tough skin. (AC +2)


Message History

The gnoll completely misses you.
You claw the gnoll!
You kill the gnoll!
The gnoll hits you from afar with a +2 spear of piercing.
* * * LOW HITPOINT WARNING * * *
The gnoll barely misses you. The gnoll misses you.
The gnoll hits you from afar with a +0 spear!
* * * LOW HITPOINT WARNING * * *
You see here a +0 flail.
You claw the gnoll!
The gnoll is heavily wounded.
The gnoll misses you. The gnoll closely misses you.
You barely miss the gnoll.
The gnoll is heavily wounded.
The gnoll hits you but does no damage.
You claw the gnoll!
You kill the gnoll!
The gnoll hits you from afar with a +0 spear!
You die...

# # ### #
..# #.#
#.#
####.####
#...)...#
# #@# #
#######
#.##.# #
#.....#
#.#g.# #
####.....#
#.#.###.#
.........#
#.......#
####.....#
##.).####
# #.....#
#...# #
#######
#...# #
###.#


You could see a gnoll.

Vanquished Creatures
  2 adders (D:2)
  7 gnolls
  A giant cockroach (D:2)
  A goblin (D:2)
  7 hobgoblins
  3 kobolds (D:1)
  2 quokkas (D:2)
  2 frilled lizards
  2 rats (D:2)
27 creatures vanquished.

Notes
Turn   | Place    | Note
-------+----------+-------------------------------------------
     0 | D:1      | Gildeon the Troll Monk began the quest for the Orb.
     0 | D:1      | Reached XP level 1. HP: 22/22 MP: 0/0
   658 | D:1      | Reached XP level 2. HP: 18/29 MP: 1/1
  1057 | D:2      | Reached skill level 1 in Armour
  1057 | D:2      | Reached XP level 3. HP: 33/36 MP: 2/2
  1221 | D:2      | Reached XP level 4. HP: 39/44 MP: 3/3
  1301 | D:2      | Slain by a gnoll

Vault maps used:
D:1:      nagdon_arrival_zigzag_paths
D:2:      xom_redecorated, minmay_misc_feat_alley, makhleb_altar_promises_db

Skill      XL: |  1  2  3  4 |
---------------+-------------+-----
Armour         | 1 |  1.5
Fighting       | 3 |  3.0
Dodging        | 3 |  3.0
Stealth        | |  1.0
Unarmed Combat | |  3.7

Action                   |  1- 3 |  4- 6 || total
-------------------------+-------+-------++-------
Melee: Unarmed           |    65 |    15 ||    80
       Punch             |     1 |       ||     1
  Use: Scroll            |     3 |       ||     3
 Stab: Sleeping          |     2 |       ||     2
  Eat: Chunk             |    16 |     1 ||    17
Armor: Robe              |    19 |     5 ||    24
Dodge: Dodged            |    32 |    11 ||    43

Table legend:
 A = Non-vault XP
 B = Vault XP
 C = Vault XP percentage of total XP
 D = Non-vault monster count
 E = Vault monster count
 F = Vault count percentage of total count
                 A         B        C        D         E       F
            +---------+---------+-------+---------+---------+-------
      Total |     157 |       0 |   0.0 |      27 |       0 |   0.0
            +---------+---------+-------+---------+---------+-------
        D:1 |      25 |       0 |   0.0 |       8 |       0 |   0.0
        D:2 |     132 |       0 |   0.0 |      19 |       0 |   0.0
            +---------+---------+-------+---------+---------+-------
